[Event "Asian Amateur-ch Women 2022"]
[Site "Muscat"]
[Date "2022.10.02"]
[Round "1.1"]
[White "Rouda Essa, Alserkal"]
[Black "Neamah Ali Awadh BaJamel"]
[Result "1-0"]
[ECO "B34"]
[WhiteElo "1893"]
[BlackElo "1269"]
[Annotator "NA RC COMBH"]
[PlyCount "83"]
[EventDate "2022.09.29"]
[EventType "swiss"]
[SourceTitle "playchess.com"]
[Source "ChessBase"]
[SourceQuality "1"]
[TimeControl "5400+30"]

1. e4 c5 2. Nf3 Nc6 3. d4 cxd4 4. Nxd4 d6 5. Nc3 g6 6. Be3 Bg7 7. Qd2 Qa5 8. O-O-O Bd7 9. Kb1 Nxd4 10. Bxd4 Nf6 11. f3 O-O 12. Nd5 Qxd2 13. Nxe7+ Kh8 14. Rxd2 Be6 15. Nd5 Nxd5 16. exd5 Bd7 17. Bf2 Rfc8 18. Bd3 a6 19. Bb6 Re8 20. c4 Bf8 21. g4 Bh6 22. Rc2 Rac8 23. b4 Ba4 24. Re2 Rxe2 25. Bxe2 Bd2 26. a3 Bb3 27. c5 dxc5 28. bxc5 Be3 29. d6 Be6 30. Rd1 Bd7 31. Rd5 Kg8 32. Re5 Re8 33. Rxe8+ Bxe8 34. Bd3 Kf8 35. Be4 Bb5 36. Bxb7 Ke8 37. Kc2 Bd4 38. Kb3 Kd7 39. a4 Be2 40. c6+ Kxd6 41. c7 Bxb6 42. c8=Q 1-0

[Event "Asian Amateur-ch Women 2022"]
[Site "Muscat"]
[Date "2022.10.02"]
[Round "1.2"]
[White "Al Balushi, Afra"]
[Black "Sawan, Eman"]
[Result "0-1"]
[ECO "B50"]
[WhiteElo "1263"]
[BlackElo "1840"]
[Annotator "NA RC COMBH"]
[PlyCount "62"]
[EventDate "2022.09.29"]
[EventType "swiss"]
[SourceTitle "playchess.com"]
[Source "ChessBase"]
[SourceQuality "1"]
[TimeControl "5400+30"]

1. e4 c5 2. Nf3 d6 3. Bc4 Nf6 4. d3 e6 5. Bg5 Be7 6. O-O a6 7. a3 b5 8. Ba2 Bb7 9. Nbd2 O-O 10. c4 Nc6 11. Qc2 h6 12. Bh4 Nh5 13. Bg3 Nxg3 14. hxg3 Bf6 15. Rab1 b4 16. a4 Qc7 17. b3 Rfd8 18. Rfe1 Nd4 19. Nxd4 Bxd4 20. Nf3 Bc3 21. Re2 d5 22. e5 dxc4 23. dxc4 Bxf3 24. gxf3 Bxe5 25. Rd1 Bd4 26. Bb1 Qxg3+ 27. Kf1 Qh3+ 28. Kg1 g6 29. Rd3 Qg3+ 30. Kf1 Qh2 31. Ke1 Bc3+ 0-1

[Event "Asian Amateur-ch Women 2022"]
[Site "Muscat"]
[Date "2022.10.02"]
[Round "1.3"]
[White "Al-Khelaifi, Salama"]
[Black "alyazia Humaid alhasani"]
[Result "1/2-1/2"]
[ECO "C13"]
[WhiteElo "1798"]
[BlackElo "1203"]
[Annotator "NA RC COMBH"]
[PlyCount "88"]
[EventDate "2022.09.29"]
[EventType "swiss"]
[SourceTitle "playchess.com"]
[Source "ChessBase"]
[SourceQuality "1"]
[TimeControl "5400+30"]

1. d4 d5 2. Nc3 Nf6 3. Bg5 e6 4. e4 dxe4 5. Nxe4 Be7 6. Bxf6 Bxf6 7. Nf3 Nd7 8. Bd3 c5 9. c3 cxd4 10. Nxd4 Bxd4 11. cxd4 Qb6 12. Qe2 Qxd4 13. O-O O-O 14. Rfd1 Qe5 15. Rac1 a6 16. b3 b5 17. Nd6 Qxe2 18. Bxe2 Nf6 19. Bf3 Rb8 20. Nxc8 Rfxc8 21. Rxc8+ Rxc8 22. Bb7 Rb8 23. Bxa6 Nd5 24. Rc1 g6 25. Rc8+ Rxc8 26. Bxc8 b4 27. Kf1 Nc3 28. Ke1 Nxa2 29. Kd2 Kg7 30. Kd3 Kf6 31. Kc4 Ke5 32. Bb7 f5 33. Bf3 Nc1 34. Kxb4 Nd3+ 35. Kc4 Nxf2 36. b4 Kd6 37. b5 e5 38. h3 e4 39. Be2 Nh1 40. Kd4 Ng3 41. Bc4 f4 42. b6 Kc6 43. Bd5+ Kxb6 44. Bxe4 Nxe4 1/2-1/2

[Event "Asian Amateur-ch Women 2022"]
[Site "Muscat"]
[Date "2022.10.02"]
[Round "1.4"]
[White "Aditi Arun"]
[Black "Nadernia, Niki"]
[Result "0-1"]
[ECO "A46"]
[WhiteElo "1160"]
[BlackElo "1769"]
[Annotator "NA RC COMBH"]
[PlyCount "83"]
[EventDate "2022.09.29"]
[EventType "swiss"]
[SourceTitle "playchess.com"]
[Source "ChessBase"]
[SourceQuality "1"]
[TimeControl "5400+30"]

1. d4 e6 2. Bf4 Nf6 3. e3 c5 4. c3 Nc6 5. Nf3 Be7 6. Bd3 O-O 7. O-O d6 8. Qc2 b6 9. e4 cxd4 10. Nxd4 Bb7 11. Nxc6 Bxc6 12. Nd2 e5 13. Bg3 Nh5 14. Rad1 b5 15. Rfe1 g6 16. c4 b4 17. Nf3 Rc8 18. Qe2 Qa5 19. b3 Ng7 20. c5 Qxc5 21. Rc1 Qb6 22. Nd2 Ne6 23. Nc4 Qd8 24. f3 Nd4 25. Qd2 a5 26. Bf2 Bg5 27. Be3 Bxe3+ 28. Qxe3 a4 29. Bc2 Bb5 30. Qd2 Bxc4 31. bxc4 Qb6 32. Kh1 b3 33. axb3 axb3 34. Bd3 Ra8 35. Rb1 Qc5 36. Rb2 Ra3 37. Reb1 Rfa8 38. h3 Ra1 39. Kh2 Rxb1 40. Rxb1 Ra2 41. Rb2 Qa3 42. f4 0-1

[Event "Asian Amateur-ch Women 2022"]
[Site "Muscat"]
[Date "2022.10.02"]
[Round "1.5"]
[White "Al-Khelaifi, Aisha"]
[Black "Dakshikaa S M"]
[Result "1-0"]
[ECO "C54"]
[WhiteElo "1678"]
[BlackElo "1117"]
[Annotator "NA RC COMBH"]
[PlyCount "127"]
[EventDate "2022.09.29"]
[EventType "swiss"]
[SourceTitle "playchess.com"]
[Source "ChessBase"]
[SourceQuality "1"]
[TimeControl "5400+30"]

1. e4 e5 2. Nf3 Nc6 3. Bc4 Bc5 4. d3 Nf6 5. c3 d6 6. h3 O-O 7. Bg5 Be6 8. Bb3 Qe7 9. d4 exd4 10. O-O Bxb3 11. Qxb3 Bb6 12. cxd4 Nxd4 13. Nxd4 Bxd4 14. Nc3 c6 15. Rad1 Bb6 16. Na4 Qc7 17. Bxf6 gxf6 18. Qg3+ Kh8 19. Qxd6 Qxd6 20. Rxd6 Kg7 21. Nxb6 axb6 22. a3 Rfe8 23. f3 Rad8 24. Rfd1 Rxd6 25. Rxd6 Re7 26. Kf2 Kg6 27. Kg3 b5 28. Kf4 Re6 29. Rd7 b6 30. g4 c5 31. h4 b4 32. axb4 cxb4 33. Rd4 h5 34. Rxb4 Rc6 35. Rb5 hxg4 36. Kxg4 Kh6 37. Rd5 Kg6 38. h5+ Kh6 39. Rd7 Kg7 40. Kf5 Rc5+ 41. Rd5 Rc6 42. b4 Kh6 43. Rd7 Kg7 44. h6+ Kxh6 45. Rxf7 Rd6 46. Rxf6+ Rxf6+ 47. Kxf6 Kh7 48. Kf7 Kh6 49. e5 Kg5 50. e6 Kf4 51. e7 Kxf3 52. e8=Q Kf4 53. Qb5 Ke4 54. Qxb6 Kd5 55. Qc7 Kd4 56. b5 Kd5 57. b6 Kd4 58. b7 Kd5 59. b8=Q Kd4 60. Qb5 Ke4 61. Qcc4+ Ke3 62. Qbb3+ Kd2 63. Qcc2+ Ke1 64. Qbb1# 1-0

[Event "Asian Amateur-ch Women 2022"]
[Site "Muscat"]
[Date "2022.10.02"]
[Round "1.6"]
[White "Mouza Nasser AlShamsi"]
[Black "Al Aisaee, Anat"]
[Result "1-0"]
[ECO "B28"]
[WhiteElo "1117"]
[BlackElo "1628"]
[Annotator "NA RC COMBH"]
[PlyCount "65"]
[EventDate "2022.09.29"]
[EventType "swiss"]
[SourceTitle "playchess.com"]
[Source "ChessBase"]
[SourceQuality "1"]
[TimeControl "5400+30"]

1. e4 c5 2. Nf3 a6 3. c3 d5 4. exd5 Qxd5 5. d4 e6 6. Be3 cxd4 7. Qxd4 Nf6 8. Be2 Nc6 9. Qxd5 Nxd5 10. Nd4 Nxe3 11. fxe3 Bc5 12. Nxc6 bxc6 13. e4 Rb8 14. b4 Be3 15. Nd2 O-O 16. Nc4 Bf4 17. O-O Bc7 18. Rad1 Bb7 19. Rd7 Rfc8 20. Rfxf7 c5 21. Rxg7+ Kh8 22. Rxc7 Rxc7 23. Rxc7 Bxe4 24. Rxc5 Kg7 25. Nd6 Bg6 26. a4 Bc2 27. a5 Kf6 28. Rc8 Rxc8 29. Nxc8 Ke5 30. Bxa6 Kd5 31. Bb7+ Kc4 32. a6 Kxc3 33. a7 1-0

[Event "Asian Amateur-ch Women 2022"]
[Site "Muscat"]
[Date "2022.10.02"]
[Round "1.8"]
[White "Suchitraa Viswanathan"]
[Black "Al Mansouri, Moza"]
[Result "0-1"]
[ECO "B52"]
[WhiteElo "1041"]
[BlackElo "1610"]
[Annotator "NA RC COMBH"]
[PlyCount "76"]
[EventDate "2022.09.29"]
[EventType "swiss"]
[SourceTitle "playchess.com"]
[Source "ChessBase"]
[SourceQuality "1"]
[TimeControl "5400+30"]

1. e4 c5 2. Nf3 d6 3. Bb5+ Bd7 4. Bxd7+ Qxd7 5. c3 Nf6 6. d3 Nc6 7. Be3 e6 8. h3 Be7 9. Nbd2 O-O 10. O-O b5 11. Nh2 d5 12. f4 d4 13. cxd4 Nxd4 14. Nb3 Nxb3 15. axb3 Rfd8 16. e5 Ne8 17. Rf3 Qxd3 18. Qc1 Qd5 19. Rg3 Rd7 20. Qc2 Rad8 21. Rf3 Qd3 22. Qxd3 Rxd3 23. Rxa7 Bf8 24. Rg3 Rxb3 25. Ng4 g6 26. Ra2 h5 27. Nf2 Ng7 28. Rf3 Nf5 29. Ra3 Rxb2 30. Bc1 Rb1 31. Rac3 b4 32. Rc4 b3 33. Kh2 b2 34. Be3 Nxe3 35. Rxe3 Rf1 36. Ne4 b1=Q 37. Nf6+ Kg7 38. Rg3 Rh1# 0-1

[Event "Asian Amateur-ch Women 2022"]
[Site "Muscat"]
[Date "2022.10.02"]
[Round "1.9"]
[White "Fatima, Saif Al-Ali"]
[Black "Alshammari, Dalal"]
[Result "1-0"]
[ECO "C65"]
[WhiteElo "1595"]
[BlackElo "1028"]
[Annotator "NA RC COMBH"]
[PlyCount "45"]
[EventDate "2022.09.29"]
[EventType "swiss"]
[SourceTitle "playchess.com"]
[Source "ChessBase"]
[SourceQuality "1"]
[TimeControl "5400+30"]

1. e4 e5 2. Nf3 Nc6 3. Bb5 Nf6 4. d3 Bc5 5. c3 a6 6. Bxc6 dxc6 7. Nxe5 Qe7 8. Nc4 O-O 9. O-O Rd8 10. Qc2 b6 11. d4 b5 12. Na5 Qd7 13. dxc5 Rb8 14. Bg5 Qe6 15. Re1 h6 16. Bf4 Rd7 17. Nd2 g5 18. Bg3 Nh5 19. Nf3 Nxg3 20. hxg3 g4 21. Nd4 Qg6 22. Naxc6 Ra8 23. Ne5 1-0

[Event "Asian Amateur-ch Women 2022"]
[Site "Muscat"]
[Date "2022.10.02"]
[Round "2.1"]
[White "Algubaishi, Afnan Hassan"]
[Black "Rouda Essa, Alserkal"]
[Result "0-1"]
[ECO "C92"]
[WhiteElo "1450"]
[BlackElo "1893"]
[Annotator "NA RC COMBH"]
[PlyCount "76"]
[EventDate "2022.09.29"]
[EventType "swiss"]
[SourceTitle "playchess.com"]
[Source "ChessBase"]
[SourceQuality "1"]
[TimeControl "5400+30"]

1. e4 e5 2. Nf3 Nc6 3. Bb5 a6 4. Ba4 Nf6 5. d3 b5 6. Bb3 Be7 7. O-O O-O 8. c3 d6 9. h3 Bb7 10. Re1 Na5 11. Bc2 c5 12. Nbd2 Re8 13. Nf1 Qc7 14. d4 cxd4 15. cxd4 exd4 16. Nxd4 Bf8 17. Ng3 Nc6 18. Nf3 d5 19. Bg5 Nxe4 20. Nxe4 dxe4 21. Bxe4 Bb4 22. Nd2 h6 23. Bh4 Qd6 24. Bxc6 Rxe1+ 25. Qxe1 Bxd2 26. Bg3 Qxc6 27. Qf1 Re8 28. f3 Qc2 29. b3 f5 30. h4 f4 31. Bf2 Be3 32. b4 Rd8 33. Bxe3 fxe3 34. Re1 Re8 35. Re2 Qd3 36. g4 Rf8 37. Qe1 Rxf3 38. Kh2 Qd6+ 0-1

[Event "Asian Amateur-ch Women 2022"]
[Site "Muscat"]
[Date "2022.10.02"]
[Round "2.2"]
[White "Sawan, Eman"]
[Black "Al Dhaffari, Salma"]
[Result "1-0"]
[ECO "B11"]
[WhiteElo "1840"]
[BlackElo "1436"]
[Annotator "NA RC COMBH"]
[PlyCount "25"]
[EventDate "2022.09.29"]
[EventType "swiss"]
[SourceTitle "playchess.com"]
[Source "ChessBase"]
[SourceQuality "1"]
[TimeControl "5400+30"]

1. e4 c6 2. Nf3 d5 3. Nc3 Bg4 4. h3 Bh5 5. g4 Bg6 6. exd5 cxd5 7. Ne5 a6 8. h4 d4 9. h5 Be4 10. Nxf7 Bxc2 11. Qf3 Qc8 12. Nd5 Qc6 13. Ne5 1-0

[Event "Asian Amateur-ch Women 2022"]
[Site "Muscat"]
[Date "2022.10.02"]
[Round "2.3"]
[White "Nadernia, Niki"]
[Black "Amal Fadel S M Alshamsi"]
[Result "1-0"]
[ECO "C76"]
[WhiteElo "1769"]
[BlackElo "1404"]
[Annotator "NA RC COMBH"]
[PlyCount "81"]
[EventDate "2022.09.29"]
[EventType "swiss"]
[SourceTitle "playchess.com"]
[Source "ChessBase"]
[SourceQuality "1"]
[TimeControl "5400+30"]

1. e4 e5 2. Nf3 Nc6 3. Bb5 a6 4. Ba4 d6 5. c3 Bd7 6. O-O g6 7. d4 Bg7 8. Bb3 Nf6 9. h3 O-O 10. Re1 h6 11. Nbd2 Kh8 12. a4 Nh5 13. Nc4 Qe8 14. Ne3 f5 15. exf5 e4 16. Nd5 gxf5 17. Nxc7 Qd8 18. Ng5 Nf6 19. Nge6 Bxe6 20. Nxe6 Qd7 21. Nxf8 Rxf8 22. Bf4 d5 23. Rc1 Ne7 24. c4 Ng6 25. Be5 Ne7 26. cxd5 Nexd5 27. a5 Rd8 28. Rc5 Qe7 29. Qd2 Kh7 30. Rec1 Rd7 31. Bxf6 Nxf6 32. Rxf5 Rc7 33. Rxc7 Qxc7 34. Bc2 Qc4 35. b3 Qe6 36. Re5 Qc6 37. d5 Qd6 38. Re6 Qd7 39. Bxe4+ Nxe4 40. Rxe4 Qf5 41. Re1 1-0

[Event "Asian Amateur-ch Women 2022"]
[Site "Muscat"]
[Date "2022.10.02"]
[Round "2.5"]
[White "Shybi Binoj"]
[Black "Al-Khulaifi, Ghada"]
[Result "1-0"]
[ECO "C49"]
[WhiteElo "1402"]
[BlackElo "1620"]
[Annotator "NA RC COMBH"]
[PlyCount "85"]
[EventDate "2022.09.29"]
[EventType "swiss"]
[SourceTitle "playchess.com"]
[Source "ChessBase"]
[SourceQuality "1"]
[TimeControl "5400+30"]

1. e4 e5 2. Nf3 Nc6 3. Nc3 Nf6 4. Bb5 Bb4 5. d3 d6 6. h3 h6 7. Bd2 O-O 8. O-O Ne7 9. Ne2 Bxd2 10. Nxd2 c6 11. Ba4 Ng6 12. Bb3 Nh5 13. Ng3 Nhf4 14. Nf3 d5 15. Qd2 Qf6 16. Nh2 Nh4 17. Kh1 Nhxg2 18. exd5 Bxh3 19. Ne4 Qh4 20. dxc6 bxc6 21. Qd1 Bg4 22. Qxg4 Qxg4 23. Nxg4 h5 24. Nxe5 Rac8 25. Ng6 Nxg6 26. Kxg2 Nf4+ 27. Kf3 Ne6 28. Bxe6 fxe6+ 29. Ke3 c5 30. Rg1 Rc7 31. Rg5 Rf5 32. Rag1 Kf8 33. Rxf5+ exf5 34. Nd6 Rc6 35. Nxf5 g6 36. Ng3 Kf7 37. Ne4 c4 38. d4 Kg7 39. d5 Rc7 40. Kd4 Kh6 41. d6 Rd7 42. Kd5 h4 43. Ke6 1-0

[Event "Asian Amateur-ch Women 2022"]
[Site "Muscat"]
[Date "2022.10.02"]
[Round "2.6"]
[White "Al Mansouri, Moza"]
[Black "Ahoud Eisa Bashkardi"]
[Result "1-0"]
[ECO "C67"]
[WhiteElo "1610"]
[BlackElo "1347"]
[Annotator "NA RC COMBH"]
[PlyCount "143"]
[EventDate "2022.09.29"]
[EventType "swiss"]
[SourceTitle "playchess.com"]
[Source "ChessBase"]
[SourceQuality "1"]
[TimeControl "5400+30"]

1. e4 e5 2. Nf3 Nc6 3. Bb5 Nf6 4. O-O Nxe4 5. d4 Nd6 6. dxe5 Nxb5 7. a4 d6 8. e6 Bxe6 9. axb5 Ne5 10. Nd4 Bd7 11. Re1 Be7 12. Nc3 O-O 13. Nd5 Re8 14. Nxe7+ Rxe7 15. Bg5 f6 16. Bh4 Ng6 17. Qh5 Nxh4 18. Qxh4 Qe8 19. f3 Rxe1+ 20. Rxe1 Qf7 21. Re3 Re8 22. Ra3 Qc4 23. Rc3 Qb4 24. h3 c5 25. bxc6 bxc6 26. Rb3 Qe1+ 27. Qxe1 Rxe1+ 28. Kf2 Rd1 29. Ne2 Ra1 30. Rb7 Be8 31. Nd4 g5 32. Nf5 d5 33. Rb8 Kf8 34. Nd6 Ke7 35. Nxe8 Rc1 36. c3 Rc2+ 37. Kg3 c5 38. Ng7 d4 39. cxd4 cxd4 40. Nf5+ Kd7 41. Nxd4 Rd2 42. Nf5 Kc7 43. Rb3 Rd5 44. Ne3 Rc5 45. Rc3 Rxc3 46. Nd5+ Kc6 47. Nxc3 a5 48. Kg4 Kc5 49. Kf5 Kc4 50. Kxf6 Kb3 51. Kxg5 Kxb2 52. Na4+ Kb3 53. Nb6 Kb4 54. f4 Kb5 55. f5 Kc5 56. f6 Kxb6 57. f7 a4 58. f8=Q Kb5 59. Kh6 Kc4 60. Qa3 Kb5 61. Kxh7 Ka5 62. g4 Kb5 63. g5 Ka5 64. g6 Kb5 65. g7 Ka5 66. g8=Q Kb5 67. Qb8+ Kc6 68. Qxa4+ Kd5 69. Qbb5+ Kd6 70. Qaa6+ Kc7 71. Qbb7+ Kd8 72. Qaa8# 1-0

[Event "Asian Amateur-ch Women 2022"]
[Site "Muscat"]
[Date "2022.10.02"]
[Round "2.7"]
[White "Anoud Eisa Bashkardi"]
[Black "Fatima, Saif Al-Ali"]
[Result "1-0"]
[ECO "B13"]
[WhiteElo "1277"]
[BlackElo "1595"]
[Annotator "NA RC COMBH"]
[PlyCount "74"]
[EventDate "2022.09.29"]
[EventType "swiss"]
[SourceTitle "playchess.com"]
[Source "ChessBase"]
[SourceQuality "1"]
[TimeControl "5400+30"]

1. e4 c6 2. d4 d5 3. exd5 cxd5 4. Bd3 Nc6 5. c3 Nf6 6. Nf3 g6 7. O-O Bg7 8. h3 O-O 9. Bf4 e6 10. Nbd2 a6 11. a4 b6 12. Re1 Bb7 13. Ne5 Nh5 14. Nxc6 Bxc6 15. Bh2 b5 16. axb5 axb5 17. Qb3 Qd7 18. Nf3 Qb7 19. g4 Nf6 20. Ne5 Be8 21. Rxa8 Qxa8 22. Nf3 Qa4 23. Qxa4 bxa4 24. Bd6 Nd7 25. Bxf8 Bxf8 26. Bb5 Ne5 27. Nxe5 Bxb5 28. Nf3 Bd6 29. Nd2 Bf4 30. Nb1 Bc4 31. Na3 Ba6 32. Kg2 Bd2 33. Rd1 Bf4 34. Kf3 g5 35. b4 axb3 36. Rb1 Bc4 37. Nxc4 dxc4 1-0

[Event "Asian Amateur-ch Women 2022"]
[Site "Muscat"]
[Date "2022.10.02"]
[Round "2.8"]
[White "Mehak, Gul"]
[Black "Amulya Guruprasad"]
[Result "0-1"]
[ECO "C44"]
[WhiteElo "1565"]
[BlackElo "1278"]
[Annotator "NA RC COMBH"]
[PlyCount "94"]
[EventDate "2022.09.29"]
[EventType "swiss"]
[SourceTitle "playchess.com"]
[Source "ChessBase"]
[SourceQuality "1"]
[TimeControl "5400+30"]

1. e4 e5 2. Nf3 Nc6 3. d4 exd4 4. Bc4 Bb4+ 5. c3 dxc3 6. bxc3 Ba5 7. Qd5 Qe7 8. Ba3 Qf6 9. e5 Qg6 10. Nh4 Qh5 11. O-O Bb6 12. Qf3 Qxf3 13. Nxf3 h6 14. Nbd2 Nge7 15. Rfe1 O-O 16. Nb3 Re8 17. Rad1 Ng6 18. Kf1 Ngxe5 19. Nxe5 Rxe5 20. Bd5 d6 21. Bxc6 Rxe1+ 22. Rxe1 bxc6 23. Re8+ Kh7 24. Ke1 Bb7 25. Re7 Kg6 26. Bxd6 cxd6 27. Rxb7 Re8+ 28. Kf1 Re5 29. a4 f6 30. Rd7 Rd5 31. a5 Bxa5 32. Nxa5 Rxa5 33. Rxd6 Rc5 34. Rd7 a6 35. Ra7 Rxc3 36. Rxa6 Kf5 37. Ke2 Rc2+ 38. Ke3 c5 39. Ra7 g6 40. g3 h5 41. h3 h4 42. Rc7 Rc3+ 43. Ke2 hxg3 44. fxg3 Rxg3 45. Rxc5+ Kf4 46. Rc4+ Kg5 47. h4+ Kh5 0-1

[Event "Asian Amateur-ch Women 2022"]
[Site "Muscat"]
[Date "2022.10.02"]
[Round "3.1"]
[White "Rouda Essa, Alserkal"]
[Black "Khalil, Hanan"]
[Result "1-0"]
[ECO "B07"]
[WhiteElo "1893"]
[BlackElo "1484"]
[Annotator "NA RC COMBH"]
[PlyCount "57"]
[EventDate "2022.09.29"]
[EventType "swiss"]
[SourceTitle "playchess.com"]
[Source "ChessBase"]
[SourceQuality "1"]
[TimeControl "5400+30"]

1. e4 d6 2. d4 Nf6 3. Nc3 e5 4. dxe5 dxe5 5. Qxd8+ Kxd8 6. Bc4 Be6 7. Bxe6 fxe6 8. Nf3 Bd6 9. Bg5 Ke7 10. O-O-O Nbd7 11. Nd2 a6 12. a4 h6 13. Bh4 Rhf8 14. f3 Rfb8 15. a5 b5 16. axb6 Nxb6 17. Rhe1 g5 18. Bf2 Nfd7 19. h4 Rh8 20. Rh1 Rab8 21. Ne2 Na4 22. b3 Nab6 23. Rh3 a5 24. Rdh1 Rhg8 25. hxg5 hxg5 26. Rh7+ Kf6 27. Ng3 Nf8 28. R1h6+ Rg6 29. Nh5# 1-0

[Event "Asian Amateur-ch Women 2022"]
[Site "Muscat"]
[Date "2022.10.02"]
[Round "3.2"]
[White "Abeysinghe, H M H Janandani"]
[Black "Sawan, Eman"]
[Result "1-0"]
[ECO "B31"]
[WhiteElo "1546"]
[BlackElo "1840"]
[Annotator "NA RC COMBH"]
[PlyCount "83"]
[EventDate "2022.09.29"]
[EventType "swiss"]
[SourceTitle "playchess.com"]
[Source "ChessBase"]
[SourceQuality "1"]
[TimeControl "5400+30"]

1. e4 c5 2. Be2 d6 3. d3 Nf6 4. f4 Nc6 5. Nf3 e6 6. O-O Be7 7. c3 a6 8. a4 Rb8 9. Na3 O-O 10. Qe1 b5 11. axb5 axb5 12. Qg3 Kh8 13. Ng5 h6 14. Nh3 b4 15. Nc2 bxc3 16. bxc3 Qb6 17. Qe1 c4+ 18. Be3 Qb2 19. Nd4 Nxd4 20. Bxd4 cxd3 21. Bxd3 Bd7 22. e5 Nd5 23. Qe4 g6 24. c4 Qb4 25. Rfb1 Qd2 26. Rxb8 Rxb8 27. exd6+ Bf6 28. cxd5 Bxd4+ 29. Qxd4+ Kg8 30. dxe6 Bxe6 31. Nf2 Rd8 32. Qf6 Re8 33. Bb5 Bd7 34. Bf1 Qd5 35. Rd1 Qc5 36. Qd4 Qh5 37. Qd5 Qh4 38. g3 Qf6 39. Bb5 Qd8 40. Bxd7 Qxd7 41. Ne4 Qa7+ 42. Qd4 1-0

[Event "Asian Amateur-ch Women 2022"]
[Site "Muscat"]
[Date "2022.10.02"]
[Round "3.4"]
[White "Shybi Binoj"]
[Black "Al Mansouri, Moza"]
[Result "1-0"]
[ECO "B27"]
[WhiteElo "1402"]
[BlackElo "1610"]
[Annotator "NA RC COMBH"]
[PlyCount "81"]
[EventDate "2022.09.29"]
[EventType "swiss"]
[SourceTitle "playchess.com"]
[Source "ChessBase"]
[SourceQuality "1"]
[TimeControl "5400+30"]

1. e4 c5 2. Nf3 g6 3. c3 d5 4. e5 Bg7 5. d4 cxd4 6. cxd4 Nc6 7. Bb5 Bg4 8. Nc3 Nh6 9. Bxh6 Bxh6 10. h3 Be6 11. Qb3 O-O 12. O-O Qd7 13. Bxc6 bxc6 14. Na4 Rfb8 15. Qc3 Qb7 16. b3 Qb5 17. Nh2 Qb4 18. Qd3 Bf5 19. Qd1 Bg7 20. Rc1 Rc8 21. Nc5 Bh6 22. f4 a5 23. g4 Be4 24. g5 Bg7 25. Ng4 Bf5 26. Kh2 Bxg4 27. hxg4 f6 28. gxf6 exf6 29. Qd3 fxe5 30. fxe5 Re8 31. a4 Ra7 32. g5 Bxe5+ 33. dxe5 Rxe5 34. Qg3 Rae7 35. Nd3 Re2+ 36. Kh3 Qxb3 37. Rf3 Qxa4 38. Rcf1 Qb5 39. Qf4 Re8 40. Qf8+ Rxf8 41. Rxf8+ 1-0

[Event "Asian Amateur-ch Women 2022"]
[Site "Muscat"]
[Date "2022.10.02"]
[Round "3.5"]
[White "Wijesuriya, G P Y"]
[Black "Anoud Eisa Bashkardi"]
[Result "1-0"]
[ECO "C67"]
[WhiteElo "1564"]
[BlackElo "1277"]
[Annotator "NA RC COMBH"]
[PlyCount "73"]
[EventDate "2022.09.29"]
[EventType "swiss"]
[SourceTitle "playchess.com"]
[Source "ChessBase"]
[SourceQuality "1"]
[TimeControl "5400+30"]

1. e4 e5 2. Nf3 Nc6 3. Bb5 Nf6 4. O-O Nxe4 5. d4 exd4 6. Re1 d5 7. Nxd4 Bd7 8. f3 Bc5 9. c3 O-O 10. Bxc6 bxc6 11. fxe4 dxe4 12. Rxe4 Be6 13. Qh5 Be7 14. Nxe6 fxe6 15. Qe2 Qd5 16. b4 Rad8 17. Bd2 a5 18. Rd4 Qf5 19. Rxd8 Rxd8 20. Na3 axb4 21. cxb4 Bf6 22. Re1 e5 23. Nc4 Qd3 24. Qxd3 Rxd3 25. Re4 Kf7 26. Kf2 Ke6 27. Ke2 Rd4 28. Rxd4 exd4 29. Kd3 c5 30. b5 Kd5 31. a4 Ke6 32. a5 Kd7 33. a6 Kc8 34. Na5 Kb8 35. Nc6+ Ka8 36. Bf4 g5 37. Bxc7 1-0

[Event "Asian Amateur-ch Women 2022"]
[Site "Muscat"]
[Date "2022.10.02"]
[Round "3.6"]
[White "Amulya Guruprasad"]
[Black "Al Kalbani, Wadima"]
[Result "1-0"]
[ECO "A47"]
[WhiteElo "1278"]
[BlackElo "1554"]
[Annotator "NA RC COMBH"]
[PlyCount "113"]
[EventDate "2022.09.29"]
[EventType "swiss"]
[SourceTitle "playchess.com"]
[Source "ChessBase"]
[SourceQuality "1"]
[TimeControl "5400+30"]

1. d4 Nf6 2. Nf3 e6 3. Bf4 b6 4. e3 Bb7 5. Nbd2 d6 6. h3 Nbd7 7. Bd3 Qe7 8. Nc4 g6 9. c3 b5 10. Na5 e5 11. Bg5 Bxf3 12. gxf3 a6 13. d5 Qd8 14. Nc6 Qc8 15. e4 Bg7 16. Qd2 h6 17. Be3 Ng8 18. O-O-O Ne7 19. Nxe7 Kxe7 20. h4 h5 21. f4 exf4 22. Bxf4 Nc5 23. Bc2 Qg4 24. Qe3 Qxf4 25. Qxf4 Bh6 26. Qxh6 Rxh6 27. f4 f6 28. Rde1 Nd7 29. Kd2 Re8 30. Ke3 Kf7 31. Kd4 Rhh8 32. Rhf1 Re7 33. b4 Rhe8 34. a4 f5 35. axb5 axb5 36. Bd3 Nf6 37. e5 dxe5+ 38. fxe5 Nxd5 39. Bxb5 Rd8 40. Bc4 c6 41. Kc5 Rc7 42. Rf3 Ke7 43. Rg3 Rg8 44. Reg1 Kf7 45. Kd6 Rd8+ 46. Kc5 Rg8 47. Bb3 f4 48. Rf3 Ke6 49. Kd4 Ke7 50. Bc2 Kf7 51. c4 Nxb4 52. Rxf4+ Ke7 53. Bxg6 c5+ 54. Ke4 Rc6 55. Rf7+ Ke6 56. Rf5 Ke7 57. Rfg5 1-0

[Event "Asian Amateur-ch Women 2022"]
[Site "Muscat"]
[Date "2022.10.02"]
[Round "3.8"]
[White "Al-Khelaifi, Aisha"]
[Black "alyazia Humaid alhasani"]
[Result "1-0"]
[ECO "C01"]
[WhiteElo "1678"]
[BlackElo "1203"]
[Annotator "NA RC COMBH"]
[PlyCount "59"]
[EventDate "2022.09.29"]
[EventType "swiss"]
[SourceTitle "playchess.com"]
[Source "ChessBase"]
[SourceQuality "1"]
[TimeControl "5400+30"]

1. e4 e6 2. d4 d5 3. Nc3 Nf6 4. exd5 exd5 5. Bd3 Bb4 6. Nf3 Bxc3+ 7. bxc3 Be6 8. O-O Nbd7 9. Ba3 b6 10. Bb5 Rc8 11. Ne5 Ne4 12. Qe1 c5 13. Nxd7 Bxd7 14. Ba6 O-O 15. Bxc8 Bb5 16. Bf5 Bxf1 17. Qxf1 Nxc3 18. Qd3 Ne4 19. dxc5 Qf6 20. Re1 Qxf5 21. f3 Re8 22. fxe4 dxe4 23. Qe3 bxc5 24. Qxc5 Qe6 25. c4 Qd7 26. Qd5 Qa4 27. Rf1 h6 28. Qxf7+ Kh8 29. Bb2 Rg8 30. Qg6 1-0

[Event "Asian Amateur-ch Women 2022"]
[Site "Muscat"]
[Date "2022.10.02"]
[Round "3.9"]
[White "Al-Khulaifi, Ghada"]
[Black "Aditi Arun"]
[Result "0-1"]
[ECO "C29"]
[WhiteElo "1620"]
[BlackElo "1160"]
[Annotator "NA RC COMBH"]
[PlyCount "74"]
[EventDate "2022.09.29"]
[EventType "swiss"]
[SourceTitle "playchess.com"]
[Source "ChessBase"]
[SourceQuality "1"]
[TimeControl "5400+30"]

1. e4 e5 2. Nc3 Nf6 3. f4 d5 4. fxe5 Nxe4 5. Qf3 Nxc3 6. bxc3 c5 7. Bb5+ Nc6 8. Qg3 g6 9. Nf3 Bg7 10. Ba3 Qa5 11. Bxc6+ bxc6 12. Bc1 O-O 13. O-O Ba6 14. Re1 Rfe8 15. Qf2 h6 16. a4 Rad8 17. Kh1 Bb7 18. Ba3 d4 19. cxd4 cxd4 20. Bb2 Bxe5 21. Nxe5 Rxe5 22. Bxd4 Rxe1+ 23. Rxe1 Qd5 24. Bc3 c5 25. h3 Bc6 26. Re5 Qd7 27. Qh4 h5 28. Rxc5 Re8 29. Qg3 h4 30. Qxh4 Re1+ 31. Kh2 Qd6+ 32. Re5 Rxe5 33. Bxe5 Qxe5+ 34. Qg3 Qxg3+ 35. Kxg3 Bxa4 36. c3 Bb5 37. Kf4 a5 0-1